 Dungeon Crawl Stone Soup version 0.19.1 (webtiles) character file.

89534 Gargoyl the Cleaver (level 15, 0/130 HPs)
             Began as a Ghoul Abyssal Knight on Dec 27, 2016.
             Was a High Priest of Lugonu.
             Slain by a fire elemental (13 damage)
             ... led by Azrael
             ... on level 1 of the Orcish Mines on Dec 28, 2016.
             The game lasted 01:21:36 (32977 turns).

Gargoyl the Cleaver (Ghoul Abyssal Knight)         Turns: 32977, Time: 01:21:36

Health: 0/130      AC: 27    Str: 24    XL:     15   Next: 97%
Magic:  16/24      EV:  9    Int:  7    God:    Lugonu [*****.]
Gold:   1784       SH: 17    Dex: 14    Spells: 0 memorised, 14 levels left

rFire  x . .     SeeInvis .     I - +1 war axe (chop)
rCold  + + +     Gourm    .     g - +4 ice dragon scales
rNeg   + + +     Faith    .     Q - +0 large shield
rPois  ∞         Spirit   .     x - +2 hat
rElec  +         Reflect  +     l - +2 cloak
rCorr  .         Harm     .     (no gloves)
MR     +....                    d - +2 pair of boots
Stlth  +.........               h - +3 amulet of reflection
                                u - ring of Toamuz {+Blink rElec Dex+4 Stlth+}
                                S - +3 ring of strength

@: rotting
A: rotting body, claws 1, carnivore 3, cold resistance 1, negative energy
resistance 3, slow regeneration 1, torment resistance, unbreathing
a: Depart the Abyss, Bend Space, Banish, Corrupt, Enter the Abyss, Renounce
Religion, Evoke Blink


You were on level 1 of the Orcish Mines.
You worshipped Lugonu.
Lugonu was extremely pleased with you.
You were not hungry.

You visited 4 branches of the dungeon, and saw 24 of its levels.
You visited the Abyss 2 times.
You also visited: Ossuary and Ice Cave.

You collected 3052 gold pieces.
You spent 1268 gold pieces at shops.

Inventory:

Hand Weapons
 f - a +0 scimitar of flaming
 o - the +6 hand crossbow of Ufiar {velocity, rF++}
   (You found it on level 6 of the Lair of Beasts)

   Any bolt fired from it inflicts extra damage.
   It greatly protects you from fire.
 q - a +1 war axe of venom
 E - a +3 spear
 I - a +1 war axe of chopping (weapon)
Missiles
 T - 157 bolts
 W - 12 tomahawks (quivered)
Armour
 d - a +2 pair of boots (worn)
 g - +4 ice dragon scales (worn)
 l - a +2 cloak (worn)
 x - a +2 hat (worn)
 Q - a +0 large shield (worn)
Jewellery
 h - a +3 amulet of reflection (around neck)
 n - an uncursed ring of protection from cold
 u - the ring of Toamuz (right claw) {+Blink rElec Dex+4 Stlth+}
   (You bought it in a shop on level 15 of the Dungeon)

   [ring of stealth]

   It affects your dexterity (+4).
   It insulates you from electricity.
   It lets you blink.
   It makes you more stealthy.
 G - an uncursed ring of flight
 L - an uncursed ring of protection from fire
 S - a +3 ring of strength (left claw)
 V - the amulet "Unotoigg" {Spirit rElec rPois Dex+2}
   (You found it in an ice cave)

   [amulet of guardian spirit]

   It causes incoming damage to be split between your health and magic.
   It affects your dexterity (+2).
   It insulates you from electricity.
   It protects you from poison.
Wands
 w - a wand of random effects (23/48)
 N - a wand of heal wounds (6/9)
Scrolls
 e - 7 scrolls of magic mapping
 j - 12 scrolls of remove curse
 k - 3 scrolls of recharging
 m - 2 scrolls of fog
 p - 4 scrolls of fear
 y - 5 scrolls of teleportation
 z - a scroll of identify
 J - 2 scrolls of blinking
Potions
 s - 3 potions of cancellation
 t - a potion of brilliance
 A - a potion of flight
 B - 7 potions of haste
 C - 4 potions of curing
 H - a potion of invisibility
 K - a potion of ambrosia
Miscellaneous
 b - a phial of floods
Comestibles
 c - 13 meat rations
 i - 3 slices of pizza
 v - 11 royal jellies
 X - 4 beef jerkies


   Skills:
 + Level 11.4 Fighting
 + Level 14.0 Axes
 + Level 1.6 Crossbows
 + Level 3.7 Throwing
 * Level 13.0 Armour
 + Level 5.9 Dodging
 + Level 3.1 Shields
 * Level 13.9 Invocations
 + Level 4.0 Evocations


You had 14 spell levels left.
You didn't know any spells.

Dungeon Overview and Level Annotations

Branches:
Dungeon (15/15)            Temple (1/1) D:6            Lair (6/6) D:8
 Shoals (0/4) Lair:2        Snake (0/4) Lair:3        Slime (0/5) Lair:5
    Orc (2/2) D:11         Vaults (0/5) D:14         Depths (0/5) D:15
    Elf: Orc:2

Altars:
Cheibriados
Dithmenos
Elyvilon
Gozag
Kikubaaqudgha
Okawaru
Qazlal
Ru
Sif Muna
Trog
Uskayaw
Vehumet
Xom
Yredelemnul
Zin
Jiyva

Shops:
D:6 *   D:13 :   D:15 !}*

Annotations:
D:3 1 runed door
D:4 Eustachio
Orc:2 Azrael


Innate Abilities, Weirdness & Mutations

Your body is rotting away.
You thrive on raw meat.
You are immune to poison.
You have sharp fingernails.
You are carnivorous and can eat meat at any time.
Your flesh is cold resistant. (rC+)
You are immune to negative energy. (rN+++)
You regenerate slowly when monsters are visible.
You are immune to unholy pain and torment.
You can survive without breathing.


Message History

The fire burns you terribly!
* * * LOW HITPOINT WARNING * * *
You feel much better. The fire elemental barely misses you.
The fire elemental hits you. The fire elemental burns you!
The fire burns you terribly!
* * * LOW HITPOINT WARNING * * *
Press: ? - help, Shift-Dir - straight line, f - fire elemental
Aim: a fire elemental (severely damaged, magic immune)
The fire elemental is unaffected.
You feel somewhat more hungry.
Lugonu is no longer ready to corrupt your weapon.
You block the fire elemental's attack. The fire elemental hits you.
You block the fire elemental's attack. The fire elemental hits you.
The fire elemental burns you! The fire burns you terribly!
* * * LOW HITPOINT WARNING * * *
Press: ? - help, Shift-Dir - straight line, f/p - fire elemental
Aim: a fire elemental (severely damaged, magic immune)
The fire elemental is unaffected.
You feel somewhat more hungry. You block the fire elemental's attack.
The fire elemental hits you. The fire elemental burns you!
The fire burns you terribly!
You die...

.......................^....##
............#................##
.#......#..##............#....#
....#.######.................##
.....#.#####...#.........#.####
.........#.........#....##.##.##
##.............................##
##.#..........E................#
#####.#...#..E@..............##
#...........†...#.........#
##.................#.###.##
###.#........#...########
##.............## ##.##
#.............## ##...#
##....#.....#### ##...##
##.........##.###....#
##............###...####


You could see 2 fire elementals.

Vanquished Creatures
  An ettin (Orc:1)
  2 ice dragons
  Fannar (Lair:1)
  A catoblepas (Lair:6)
  2 death knights
  3 centaur warriors (D:14)
  An ogre mage (D:14)
  6 death yaks
  A tengu warrior (D:15)
  6 skeletal warriors (D:15)
  Sonja (Lair:3)
  3 unseen horrors
  A wizard (D:11)
  A spark wasp zombie (D:15)
  3 hill giants
  A sphinx zombie (D:15)
  A phantasmal warrior (D:15)
  An orc knight (D:15)
  A necromancer (D:15)
  3 deep elf magi (D:14)
  4 ugly things
  2 wolf spiders
  A manticore (D:14)
  4 elephants
  2 ice statues (IceCv)
  4 cyclopes
  A spriggan zombie (D:15)
  7 torpor snails (Lair:6)
  7 black mambas
  4 centaur skeletons
  4 rime drakes
  9 gargoyles
  A kobold demonologist (D:12)
  11 spiny frogs
  A redback zombie (D:15)
  An efreet (D:11)
  7 komodo dragons
  A yaktaur (D:14)
  A freezing wraith (D:15)
  3 trolls
  2 polar bears (D:11)
  12 hornets
  4 blink frogs
  4 dream sheep (Lair:4)
  5 two-headed ogres
  9 hippogriffs
  A meliai zombie (D:14)
  A slime creature (D:13)
  3 redbacks (Lair:6)
  A shadow (D:14)
  A wraith (D:12)
  7 wyverns
  61 yaks
  A yak (shapeshifter) (D:14)
  2 basilisks
  A hungry ghost (D:11)
  A steam dragon (D:12)
  A mottled dragon (D:15)
  2 wargs (Orc:1)
  17 water moccasins
  11 orc warriors
  8 porcupines
  A hell hound (Orc:1)
  A hornet zombie (D:14)
  4 phantoms
  4 black bears
  18 ice beasts
  3 sky beasts
  A boggart (D:15)
  11 ogres
  17 centaurs
  10 wolves
  18 crocodiles
  7 big kobolds
  18 bullfrogs
  A wyvern skeleton (D:8)
  11 scorpions
  9 killer bees (D:11)
  7 wights
  2 howler monkeys
  4 electric eels
  4 crimson imps
  6 centaur zombies
  10 hounds
  14 orc wizards
  2 gnoll shamans
  9 jellies
  17 orc priests
  Crazy Yiuf (D:3)
  A bullfrog skeleton (D:10)
  5 iguanas
  15 worker ants
  A big kobold zombie (Ossuary)
  3 mummies (Ossuary)
  A howler monkey zombie (D:10)
  A worker ant zombie (D:9)
  2 howler monkey skeletons
  18 gnolls
  3 scorpion zombies (Ossuary)
  25 adders
  4 river rats (D:6)
  5 shadow imps
  2 white imps (D:11)
  3 ufetubi (D:11)
  5 oozes (D:13)
  An adder skeleton (D:5)
  3 worms
  A dart slug (D:1)
  6 leopard geckos
  50 orcs
  9 bats
  4 giant cockroaches
  5 gnoll zombies (Ossuary)
  7 goblins
  5 hobgoblins
  12 jackals
  3 quokkas
  4 frilled lizards
  A goblin zombie (Ossuary)
  2 hobgoblin zombies (Ossuary)
  24 kobolds
  A kobold zombie (Ossuary)
  A leopard gecko skeleton (D:7)
  An orc zombie (Ossuary)
  A quokka skeleton (D:4)
  6 rats
  6 fungi
  A plant (Lair:6)
728 creatures vanquished.

Vanquished Creatures (others)
  An ice dragon (IceCv)
  4 hydras
  3 death yaks (Lair:3)
  A centaur warrior (D:15)
  A golden dragon zombie (D:15)
  3 lindwurms
  A deep elf archer (D:14)
  A guardian serpent (Lair:6)
  3 black mambas
  A komodo dragon (Lair:2)
  A yaktaur (D:15)
  A rime drake (Lair:2)
  2 tyrant leeches (Lair:6)
  A yak (D:11)
  2 orc warriors (D:6)
  2 orc priests (D:7)
  A howler monkey skeleton (D:11)
  A bush (Lair:6)
  12 fungi
  30 plants
  4 withered plants (D:15)
76 creatures vanquished.

Grand Total: 804 creatures vanquished

Notes
Turn   | Place    | Note
-------+----------+-------------------------------------------
     0 | Abyss:1  | Gargoyl the Ghoul Abyssal Knight began the quest for the Orb.
     0 | Abyss:1  | Reached XP level 1. HP: 19/19 MP: 1/1
   138 | Abyss:1  | Noticed a small abomination
   159 | Abyss:1  | Noticed a wretched star
   164 | D:1      | Escaped the Abyss
   317 | D:1      | Reached * piety under Lugonu
   363 | D:1      | Reached skill level 1 in Dodging
   363 | D:1      | Reached XP level 2. HP: 24/26 MP: 2/2
  1244 | D:2      | Reached skill level 2 in Axes
  1353 | D:2      | Reached XP level 3. HP: 30/30 MP: 3/3
  2058 | D:3      | Reached XP level 4. HP: 38/40 MP: 5/5
  2068 | D:3      | Found a runed door.
  2069 | D:3      | Found a glowing silver altar of Zin.
  2069 | D:3      | Noticed an angel
  2197 | D:3      | Reached ** piety under Lugonu
  2250 | D:3      | Reached XP level 5. HP: 43/46 MP: 6/6
  2507 | D:3      | Found a runed door.
  2691 | D:3      | Reached skill level 3 in Axes
  2750 | D:3      | Noticed Crazy Yiuf
  2758 | D:3      | Killed Crazy Yiuf
  2823 | D:4      | Reached XP level 6. HP: 25/52 MP: 7/7
  3212 | D:4      | Noticed a phantom
  3276 | D:4      | Reached skill level 5 in Axes
  3276 | D:4      | Reached XP level 7. HP: 7/63 MP: 7/11
  3939 | D:4      | Noticed Eustachio
  3958 | D:4      | Reached *** piety under Lugonu
  4329 | D:4      | Found a radiant altar of Vehumet.
  4329 | D:4      | Found a glowing silver altar of Zin.
  4341 | D:5      | Entered Level 5 of the Dungeon
  4767 | D:5      | Reached XP level 8. HP: 30/71 MP: 12/12
  5001 | D:5      | Found an ancient bone altar of Kikubaaqudgha.
  5193 | D:5      | Found a snail-covered altar of Cheibriados.
  6047 | D:6      | Cast into level 1 of the Abyss (orc)
  6047 | Abyss:1  | Found a corrupted altar of Lugonu.
  6063 | Abyss:1  | Noticed a wretched star
  6063 | D:6      | Escaped the Abyss
  6106 | D:6      | Reached skill level 6 in Axes
  6180 | D:6      | Found Anus's Assorted Antiques.
  6198 | D:6      | Found a staircase to the Ecumenical Temple.
  6205 | Temple   | Entered the Ecumenical Temple
  6209 | Temple   | Reached XP level 9. HP: 35/78 MP: 13/13
  6694 | D:6      | Bought a potion of curing for 84 gold pieces
  6694 | D:6      | Bought a potion of curing for 84 gold pieces
  7516 | D:7      | Found a sand-covered staircase.
  7565 | Ossuary  | Entered an ossuary
  7716 | Ossuary  | Reached **** piety under Lugonu
  8088 | D:7      | Reached skill level 7 in Axes
  8549 | D:7      | Reached XP level 10. HP: 82/84 MP: 15/15
  8835 | D:7      | Found a shimmering altar of Xom.
  9159 | D:8      | Found a hide-covered altar of Uskayaw.
  9466 | D:8      | Found a white marble altar of Elyvilon.
  9681 | D:8      | Noticed an elephant
  9716 | D:8      | Killed an elephant
  9757 | D:8      | Found a staircase to the Lair.
 10096 | D:9      | Found a basalt altar of Yredelemnul.
 10800 | Lair:1   | Entered Level 1 of the Lair of Beasts
 11155 | Lair:1   | Reached skill level 8 in Axes
 11162 | Lair:1   | Reached XP level 11. HP: 27/92 MP: 16/16
 11316 | Lair:1   | Reached ***** piety under Lugonu
 11423 | Lair:1   | Noticed Fannar
 11466 | Lair:1   | Killed Fannar
 11877 | Lair:1   | HP: 2/91 [porcupine (11)]
 12743 | Lair:2   | Noticed a seven-headed hydra
 12781 | Lair:2   | HP: 4/93 [rime drake/flash freeze (2)]
 12785 | Lair:2   | Banished an eight-headed hydra
 12786 | Lair:2   | HP: 4/94 [rime drake/flash freeze (10)]
 13283 | Lair:2   | Found a staircase to the Shoals.
 13756 | Lair:1   | Reached skill level 10 in Invocations
 14158 | Lair:2   | Reached skill level 9 in Axes
 14347 | Lair:3   | Noticed a death yak
 14347 | Lair:3   | Noticed a death yak
 14349 | Lair:3   | Noticed a death yak
 14349 | Lair:3   | Noticed a death yak
 14350 | Lair:3   | Noticed a death yak
 14353 | Lair:3   | Noticed a death yak
 14481 | Lair:3   | Found a staircase to the Snake Pit.
 14486 | Lair:3   | Noticed Sonja
 14505 | Lair:3   | Killed Sonja
 14728 | Lair:3   | Noticed a lindwurm
 14733 | Lair:3   | Banished a lindwurm
 14733 | Lair:3   | Reached XP level 12. HP: 90/101 MP: 18/18
 14793 | Lair:3   | Banished a death yak
 14847 | Lair:2   | HP: 2/102 [death yak (13)]
 14851 | Lair:2   | Banished a death yak
 15251 | Lair:3   | You fall through a shaft for 2 floors!
 15680 | Lair:4   | Reached skill level 10 in Armour
 16777 | Lair:4   | Noticed a six-headed hydra
 16780 | Lair:4   | Banished a six-headed hydra
 17327 | Lair:5   | Noticed a four-headed hydra
 17328 | Lair:5   | Banished a four-headed hydra
 17475 | Lair:5   | Found a viscous altar of Jiyva.
 17476 | Lair:5   | Found a staircase to the Slime Pits.
 17514 | Lair:5   | Got a dazzling trident
 17515 | Lair:5   | Identified the cursed +0 trident of Grace {antimagic, rC+ MR+ Int+2} (You found it on level 5 of the Lair of Beasts)
 17862 | Lair:6   | Entered Level 6 of the Lair of Beasts
 17998 | Lair:6   | Noticed a death yak
 17998 | Lair:6   | Noticed a death yak
 17999 | Lair:6   | Noticed a death yak
 18000 | Lair:6   | Noticed a death yak
 18247 | D:10     | Entered Level 10 of the Dungeon
 18532 | D:10     | Reached skill level 10 in Axes
 18542 | D:10     | Got an iridescent hand crossbow
 18561 | D:10     | Identified the +3 hand crossbow "Beastslayer" {penet, MR+} (You found it on level 10 of the Dungeon)
 18650 | D:10     | Reached XP level 13. HP: 82/111 MP: 20/20
 19066 | D:11     | Found a frozen archway.
 19124 | IceCv    | Entered an ice cave
 19224 | IceCv    | Reached skill level 1 in Crossbows
 19834 | IceCv    | Noticed an ice dragon
 19835 | IceCv    | Noticed an ice dragon
 19835 | IceCv    | Banished an ice dragon
 19861 | IceCv    | Killed an ice dragon
 19911 | IceCv    | Got a smoking garnet amulet
 20819 | D:11     | Reached skill level 11 in Axes
 21829 | Lair:3   | Reached skill level 5 in Dodging
 21893 | Lair:3   | Found a bloodstained altar of Trog.
 22087 | Lair:3   | Identified the amulet "Unotoigg" {Spirit rElec rPois Dex+2} (You found it in an ice cave)
 23023 | Lair:6   | Reached XP level 14. HP: 61/119 MP: 22/22
 23327 | Lair:6   | HP: 3/119 [black mamba (9)]
 23328 | Lair:6   | HP: 1/119 [black mamba (13)]
 23713 | Lair:6   | Got a twisted hand crossbow
 23714 | Lair:6   | Identified the +6 hand crossbow of Ufiar {velocity, rF++} (You found it on level 6 of the Lair of Beasts)
 23894 | Lair:5   | Reached skill level 10 in Fighting
 23925 | Lair:5   | Reached skill level 12 in Axes
 24732 | Lair:6   | Found a runed door.
 26362 | D:11     | Found a staircase to the Orcish Mines.
 26568 | D:11     | Found a white marble altar of Elyvilon.
 27433 | D:12     | Reached XP level 15. HP: 128/128 MP: 23/23
 27569 | D:12     | Reached skill level 13 in Axes
 27921 | D:13     | Found Fyoskeek's Book Emporium.
 29403 | D:15     | Entered Level 15 of the Dungeon
 29890 | D:14     | Found a gate to the Vaults.
 29994 | D:14     | Reached ****** piety under Lugonu
 30674 | D:15     | Found Hineeg Fiod's Distillery.
 30702 | D:15     | Bought a potion of curing for 48 gold pieces
 30702 | D:15     | Bought a potion of curing for 48 gold pieces
 30702 | D:15     | Bought a potion of heal wounds for 80 gold pieces
 30755 | D:15     | Found Usolan's Gadget Shop.
 30816 | D:15     | Reached skill level 1 in Shields
 30851 | D:15     | Found Celaix's General Store.
 31196 | D:15     | Bought a scroll of enchant armour for 127 gold pieces
 31196 | D:15     | Bought the ring of Toamuz {+Blink rElec Dex+4 Stlth+} for 797 gold pieces
 31213 | D:15     | Found Oskiodau's Antique Weapon Boutique.
 31260 | D:15     | Found a sacrificial altar of Ru.
 31966 | D:15     | Found a staircase to the Depths.
 32352 | D:15     | Reached skill level 14 in Axes
 32500 | Orc:1    | Entered Level 1 of the Orcish Mines
 32949 | Orc:2    | Entered Level 2 of the Orcish Mines
 32957 | Orc:2    | Noticed Azrael
 32974 | Orc:1    | HP: 3/130 [fire elemental[Azrael] (6)]
 32977 | Orc:1    | Slain by a fire elemental

Skill      XL: |  1  2  3  4  5  6  7  8  9 10 11 12 13 14 15 |
---------------+----------------------------------------------+-----
Armour         | 2 3 6 7 8 9 11 12 13 | 13.0
Dodging        | 1 4 5 |  5.9
Axes           | 2 3 5 6 7 8 9 10 11 12 14 | 14.0
Invocations    | 3 7 8 9 10 11 12 13 | 13.9
Fighting       | 4 6 7 8 9 10 11 | 11.4
Throwing       | 3 |  3.7
Evocations     | 3 4 |  4.0
Crossbows      | 1 |  1.6
Shields        | 3 |  3.1

Action                   |  1- 3 |  4- 6 |  7- 9 | 10-12 | 13-15 || total
-------------------------+-------+-------+-------+-------+-------++-------
Melee: Hand axe          |   156 |    89 |       |       |       ||   245
       War axe           |       |   106 |   599 |   898 |  2036 ||  3639
 Fire: Hand crossbow     |       |       |       |     4 |    29 ||    33
Throw: Tomahawk          |       |       |       |       |     9 ||     9
Invok: Depart the Abyss  |     1 |       |     1 |       |       ||     2
       Banish            |       |       |     5 |    20 |    21 ||    46
       Bend Space        |       |       |       |       |     1 ||     1
Evoke: Wand              |       |       |     5 |     9 |       ||    14
  Use: Scroll            |       |     1 |    17 |    18 |    15 ||    51
       Potion            |       |     2 |     6 |     9 |    10 ||    27
 Stab: Invisible         |       |       |       |       |    15 ||    15
       Petrified         |       |       |       |       |     3 ||     3
  Eat: Chunk             |    12 |    15 |    89 |   137 |   252 ||   505
       Royal jelly       |       |       |       |       |     1 ||     1
       Pizza             |       |       |       |       |     1 ||     1
       Beef jerky        |       |       |       |       |     1 ||     1
       Meat ration       |       |       |       |       |     1 ||     1
Armor: Scale mail        |    71 |    81 |       |       |       ||   152
       Chain mail        |       |    79 |   709 |   812 |       ||  1600
       Plate armour      |       |       |       |    14 |   134 ||   148
       Ice dragon scales |       |       |       |       |  1142 ||  1142
Dodge: Dodged            |    77 |   118 |   420 |   555 |  1096 ||  2266
Block: Other             |       |       |       |       |   138 ||   138
       Large shield      |       |       |       |       |   294 ||   294
       Reflection        |       |       |       |       |    18 ||    18
